 Dungeon Crawl Stone Soup version 0.17.1-3-g152610e (webtiles) character file.

347 MrTails the Shield-Bearer (level 6, -9/39 HPs)
             Began as a Gargoyle Fighter on Feb 24, 2016.
             Killed by divine providence
             ... invoked by an orc priest
              (11 damage)
             ... on level 3 of the Dungeon.
             The game lasted 00:02:34 (1645 turns).

MrTails the Shield-Bearer (Gargoyle Fighter)        Turns: 1645, Time: 00:02:34

Health: -9/39      AC: 12    Str: 22    XL:     6   Next: 59%
Magic:  6/6        EV:  7    Int:  8    God:
Gold:   72         SH:  9    Dex:  9    Spells: 0 memorised, 5 levels left

rFire  . . .     SeeInvis .     a - +0 war axe
rCold  . . .     Clarity  .     b - +0 scale mail
rNeg   + . .     SustAt   .     c - +0 shield
rPois  ∞         Gourm    .     (no helmet)
rElec  +         Spirit   .     o - +0 cloak
rCorr  .         Warding  .     (no gloves)
rMut   .         Stasis   .     (no boots)
MR     .....                    (no amulet)
Stlth  ..........               (no ring)
                                (no ring)

@: not resistant to hostile enchantments, extremely unstealthy
A: negative energy resistance 1, electricity resistance, unbreathing,
petrification resistance, rot immunity, AC +4
a: no special abilities


You were on level 3 of the Dungeon.
You were very hungry.

You visited 1 branch of the dungeon, and saw 3 of its levels.

You collected 72 gold pieces.

Inventory:

Hand Weapons
 a - a +0 war axe (weapon)
Armour
 b - a +0 scale mail (worn)
 c - a +0 shield (worn)
 o - a +0 cloak (worn)
Scrolls
 f - 4 scrolls of identify {unknown}
 g - a scroll of teleportation {unknown}
 i - 2 scrolls of random uselessness {unknown}
 j - a scroll of blinking {unknown}
 k - 2 scrolls of noise {unknown}
 n - a scroll of remove curse {unknown}
 p - a scroll of enchant weapon {unknown}
 t - a scroll of fear {unknown}
Potions
 d - 2 potions of might
 l - a potion of haste {unknown}
 m - a potion of brilliance {unknown}
 q - a potion of heal wounds {unknown}
Comestibles
 e - 3 bread rations
 h - 2 slices of pizza
 r - 2 meat rations


   Skills:
 + Level 4.5 Fighting
 * Level 3.9 Axes
 + Level 4.5 Armour
 + Level 4.8 Shields


You had 5 spell levels left.
You didn't know any spells.

Dungeon Overview and Level Annotations

Branches:
Dungeon (3/15)

Altars:
Fedhas


Innate Abilities, Weirdness & Mutations

You are resistant to torment.
Your stone body is resilient (AC +4).
You are immune to poison.
You resist negative energy.
You are resistant to electric shocks.
You can survive without breathing.
You are immune to petrification.
You are immune to rotting.


Message History

Unknown command.
Unknown command.
You hit something but do no damage.
You hear some strange, mumbled words.
A puff of flame appears from out of thin air!
The puff of flame hits you!
* * * LOW HITPOINT WARNING * * *
You slash something!
Reactivating autopickup.
You feel a bit more experienced.
The orc priest miscasts a cantrip.
You block the quokka's attack.
Unknown command.
Unknown command.
You slash the quokka!
You kill the quokka!
You are feeling very hungry.
The orc priest invokes the aid of Beogh against you.
Something smites you!
You die...

#.# #.......'..... #.#
#.#....##..... #.#
#.#.##.##.....
#######.###)#.##.#######
............#.##.# #
#######....#####.##.##### #
..........<.....>.......###
.#####..########.##..#....#
###.o.r@...##.##..#....#
#...######.##.##..#....#
#.#.# #.##..#....#
#......o.# #...........
#....8.r.# ####..)...(#
#...8.8... #......##.#
#..8._.8.r. #......##..
#...8.8..... #......##..
##...8....... #......##..


You could see an orc priest and a rat.

Vanquished Creatures
  Grinder (D:3)
  An orc wizard (D:3)
  A worker ant (D:3)
  4 adders (D:2)
  2 oozes (D:2)
  2 worms (D:3)
  3 giant geckos
  An orc (D:3)
  4 giant cockroaches
  8 goblins
  3 hobgoblins
  11 jackals
  3 kobolds
  A quokka (D:3)
  5 bats
  2 giant newts
  12 rats
64 creatures vanquished.

Vanquished Creatures (others)
  A fungus (D:2)
1 creature vanquished.

Grand Total: 65 creatures vanquished

Notes
Turn   | Place    | Note
--------------------------------------------------------------
     0 | D:1      | MrTails the Gargoyle Fighter began the quest for the Orb.
     0 | D:1      | Reached XP level 1. HP: 14/14 MP: 1/1
   349 | D:1      | Reached XP level 2. HP: 19/19 MP: 2/2
   660 | D:2      | Reached XP level 3. HP: 21/23 MP: 3/3
   747 | D:2      | Reached skill level 4 in Shields
   747 | D:2      | Reached XP level 4. HP: 20/29 MP: 4/4
   873 | D:2      | Found a blossoming altar of Fedhas.
  1258 | D:3      | Noticed Grinder
  1267 | D:3      | Paralysed by Grinder for 6 turns
  1275 | D:3      | Paralysed by Grinder for 3 turns
  1281 | D:3      | Killed Grinder
  1281 | D:3      | Reached XP level 5. HP: 26/34 MP: 5/5
  1281 | D:3      | Reached XP level 6. HP: 29/39 MP: 6/6
  1596 | D:3      | Found a faded altar to an unknown god.
  1645 | D:3      | Killed from afar by an orc priest

Action                   |  1- 3 |  4- 6 || total
-------------------------+-------+-------++-------
Melee: War axe           |   106 |   123 ||   229
  Eat: Chunk             |       |     2 ||     2
